 Dungeon Crawl Stone Soup version 0.23-a0-79-gaa8cc03057 (webtiles) character file.

26553 Napalmbreeze the Severer (level 12, 0/115 HPs)
             Began as a Minotaur Berserker on Aug 12, 2018.
             Was an Elder of Trog.
             Splashed by an oklob plant's acid (15 damage)
             ... on level 4 of the Lair of Beasts.
             The game lasted 00:26:12 (11597 turns).

Napalmbreeze the Severer (Minotaur Berserker)      Turns: 11597, Time: 00:26:15

Health: 0/115      AC: 10    Str: 22    XL:     12   Next: 99%
Magic:  11/11      EV: 16    Int: 10    God:    Trog [****..]
Gold:   934        SH:  0    Dex: 14    Spells: 11/11 levels left

rFire    . . .     SeeInvis .   B - +1 battleaxe
rCold    . . .     Gourm    .   (shield currently unavailable)
rNeg     . . .     Faith    .   s - +0 plate armour
rPois    .         Spirit   .   P - +2 hat {Int+3}
rElec    .         Reflect  .   n - +2 cloak
rCorr    .         Harm     .   (no gloves)
MR       .....                  F - +0 pair of boots
Stlth    ..........             T - amulet of regeneration
HPRegen  0.69/turn              K - ring "Faoggaj" {Wiz Slay+5}
MPRegen  0.12/turn              E - +4 ring of evasion

@: corroded
A: retaliatory headbutt, beak, horns 2, clever 1
a: Berserk, Trog's Hand, Brothers in Arms, Renounce Religion


You were on level 4 of the Lair of Beasts.
You worshipped Trog.
Trog was greatly pleased with you.
You were very hungry.

You visited 2 branches of the dungeon, and saw 14 of its levels.

You collected 934 gold pieces.

Inventory:

Hand Weapons
 B - a +1 battleaxe (weapon)
Missiles
 i - 8 javelins of penetration (quivered)
Armour
 n - a +2 cloak (worn)
 s - a +0 plate armour (worn)
 y - a scarf of resistance
 A - a +0 scale mail of cold resistance
 F - a +0 pair of boots (worn)
 P - a +2 hat of intelligence (worn)
Jewellery
 e - an uncursed ring of protection from magic
 t - an uncursed ring of positive energy
 C - an uncursed ring of see invisible
 E - a +4 ring of evasion (right hand)
 J - an uncursed amulet of the gourmand
 K - the ring "Faoggaj" (left hand) {Wiz Slay+5}
   (You found it on level 8 of the Dungeon)

   [ring of wizardry]

   It improves your spell success rate.
   It affects your accuracy and damage with ranged weapons and melee attacks
   (+5).
 T - an amulet of regeneration (around neck)
Wands
 m - a wand of iceblast (12)
 N - a wand of digging (9)
Scrolls
 f - a scroll of brand weapon {unknown}
 g - 4 scrolls of magic mapping
 h - 9 scrolls of identify
 j - 6 scrolls of teleportation
 k - 2 scrolls of enchant weapon
 r - 4 scrolls of fear
 u - 3 scrolls of remove curse
Potions
 b - a potion of cancellation
 d - 11 potions of curing
 l - a potion of haste
 q - a potion of invisibility
 w - a potion of resistance
 x - 2 potions of heal wounds
 D - 3 potions of agility
 I - a potion of flight
Comestibles
 a - 4 chunks of flesh
 c - 18 rations


   Skills:
 * Level 13.0 Fighting
 + Level 15.0 Axes
 + Level 12.6 Armour
 + Level 11.0 Dodging


You had 11 spell levels left.
You didn't know any spells.
Your spell library was empty.

Dungeon Overview and Level Annotations

Branches:
Dungeon (10/15)            Temple (0/1) D:4            Lair (4/6) D:8
  Swamp (0/4) Lair:4        Snake (0/4) Lair:3
    Orc: D:9-12

Altars:
Elyvilon
Fedhas
Kikubaaqudgha
Qazlal
Ru
Sif Muna
Zin

Shops:
D:10 %

Portals:
Trove: D:10 (give +8 demon trident)

Annotations:
Lair:4 exclusion: 2 oklob plants


Innate Abilities, Weirdness & Mutations

You reflexively headbutt those who attack you in melee.
You have a pair of horns on your head.
You have a beak for a mouth.
Your mind is acute. (Int +2)


Message History

You hit the oklob plant.
The oklob plant is lightly damaged.
You hit the plant but do no damage.
Your ogre hits the oklob plant with a giant club!!
The oklob plant spits acid at you. The splash of acid hits you!
You are splashed with acid!
The acid burns!
* * * LOW HITPOINT WARNING * * *
You slash the oklob plant!
You headbutt the oklob plant, but do no damage.
You peck the oklob plant.
The oklob plant is moderately damaged.
You hit the plant.
Your ogre hits the oklob plant with a giant club!!
The oklob plant is destroyed!
Trog accepts your kill. The oklob plant spits acid at you.
The splash of acid hits you!
* * * LOW HITPOINT WARNING * * *
You are splashed with acid!
The acid burns!
You die...

#........######
#.........##...
...#......##.P.
.............#....
.....##...........
..#...........#..
#######..#...(...###..
#$$?P....#......####..
#P$§.@P.........# #.<.
#$.?)..†.##.....# #P..
#.$.O$..........# #P..
#....(.........## #...
#######.###.....# ##..
### #.....## ##.
#####..# # #....#
###P.##


You could see 2 oklob plants and a friendly ogre (berserk).

Vanquished Creatures
  Gastronok (D:9)
  The ghost of Semoacif the Thaumaturge, a journeyman GnAE of Vehumet (Lair:4)
  5 hydras
  A two-headed ogre (D:9)
  4 elephants (Lair:4)
  Maurice (D:8)
  2 black mambas
  A gargoyle (D:10)
  9 spiny frogs
  4 komodo dragons
  A polar bear (Lair:2)
  6 dream sheep (Lair:3)
  A hornet (D:10)
  6 hippogriffs
  4 blink frogs (Lair:2)
  13 yaks
  5 basilisks (Lair:3)
  Menkaure (D:6)
  8 water moccasins
  Duvessa (D:4)
  5 porcupines
  2 orc warriors
  4 sky beasts
  An ice beast (D:7)
  A necrophage (D:7)
  A black bear (Lair:2)
  An ogre (D:8)
  19 wolves
  2 centaurs
  8 crocodiles
  12 bullfrogs
  A wyvern skeleton (D:10)
  Dowan (D:4)
  A scorpion (D:9)
  4 wights (D:9)
  2 electric eels
  A centaur zombie (D:10)
  A crimson imp (D:7)
  A quasit (D:6)
  3 jellies
  A bullfrog zombie (D:10)
  4 hounds
  3 orc wizards
  A bullfrog skeleton (D:4)
  3 orc priests (D:10)
  2 centaur skeletons
  2 iguanas
  2 killer bee zombies
  2 hound zombies (D:6)
  A hound skeleton (D:8)
  A worker ant zombie (D:5)
  4 gnolls (D:3)
  8 adders
  2 shadow imps
  An ooze (D:1)
  2 adder skeletons
  A dart slug (D:3)
  27 orcs
  5 giant cockroaches
  4 hobgoblins
  7 jackals
  4 kobolds
  5 quokkas
  5 bats
  5 frilled lizards
  5 goblins
  A leopard gecko zombie (D:5)
  2 quokka skeletons
  3 rats
  A fungus (Lair:3)
  3 plants
263 creatures vanquished.

Vanquished Creatures (collateral kills)
  A hydra (Lair:3)
  2 oklob plants (Lair:4)
  A spiny frog (Lair:4)
  3 yaks (Lair:4)
  3 wolves (Lair:3)
  A plant (Lair:4)
11 creatures vanquished.

Vanquished Creatures (others)
  10 fungi
  3 plants
13 creatures vanquished.

Grand Total: 287 creatures vanquished

Notes
Turn   | Place    | Note
-------+----------+-------------------------------------------
     0 | D:1      | Napalmbreeze the Minotaur Berserker began the quest for the Orb.
     0 | D:1      | Reached XP level 1. HP: 19/19 MP: 0/0
    73 | D:1      | Reached XP level 2. HP: 19/27 MP: 1/1
    77 | D:1      | Reached skill level 4 in Axes
   577 | D:2      | Reached XP level 3. HP: 29/33 MP: 2/2
  1217 | D:2      | Reached ** piety under Trog
  1389 | D:3      | You fall through a shaft!
  1397 | D:4      | Reached XP level 4. HP: 40/40 MP: 3/3
  1408 | D:4      | Found a staircase to the Ecumenical Temple.
  1546 | D:4      | Noticed Dowan
  1547 | D:4      | Noticed Duvessa
  1605 | D:4      | Killed Dowan
  1605 | D:4      | Reached skill level 5 in Axes
  1605 | D:4      | Reached XP level 5. HP: 47/47 MP: 4/4
  1731 | D:4      | Killed Duvessa
  1731 | D:4      | Reached XP level 6. HP: 44/55 MP: 5/5
  1891 | D:4      | Found a stormy altar of Qazlal.
  2235 | D:3      | Reached skill level 5 in Fighting
  2242 | D:3      | Reached skill level 5 in Armour
  2360 | D:3      | Found an ancient bone altar of Kikubaaqudgha.
  2382 | D:3      | Found a blossoming altar of Fedhas.
  2382 | D:3      | Found a glowing silver altar of Zin.
  2627 | D:5      | Entered Level 5 of the Dungeon
  2750 | D:5      | Reached *** piety under Trog
  2949 | D:5      | Reached XP level 7. HP: 61/61 MP: 6/6
  3323 | D:6      | Reached skill level 6 in Axes
  3431 | D:6      | Noticed Menkaure
  3437 | D:6      | Killed Menkaure
  3730 | D:6      | Found a deep blue altar of Sif Muna.
  4175 | D:6      | Reached XP level 8. HP: 70/70 MP: 7/7
  4302 | D:6      | Reached skill level 5 in Dodging
  4452 | D:7      | Found a sacrificial altar of Ru.
  4465 | D:7      | Found a white marble altar of Elyvilon.
  4519 | D:7      | Reached skill level 7 in Axes
  4899 | D:7      | Noticed a hippogriff
  4902 | D:7      | Killed a hippogriff
  4902 | D:7      | Reached skill level 8 in Axes
  5298 | D:7      | Reached XP level 9. HP: 76/76 MP: 8/8
  5764 | D:8      | Noticed Maurice
  5773 | D:8      | Killed Maurice
  5773 | D:8      | Reached skill level 9 in Axes
  5860 | D:8      | Got a steaming silver ring
  5955 | D:8      | Identified the ring "Faoggaj" {Wiz Slay+5} (You found it on level 8 of the Dungeon)
  5970 | D:8      | Found a staircase to the Lair.
  5971 | D:8      | Noticed a komodo dragon
  5999 | D:8      | Killed a komodo dragon
  6168 | D:8      | Reached **** piety under Trog
  6295 | D:9      | Noticed Gastronok
  6451 | D:9      | Reached skill level 10 in Axes
  6510 | D:9      | Noticed a two-headed ogre
  6516 | D:9      | Killed a two-headed ogre
  6516 | D:9      | Reached XP level 10. HP: 48/87 MP: 9/9
  6857 | D:9      | Killed Gastronok
  6857 | D:9      | Reached skill level 11 in Axes
  6993 | D:10     | Entered Level 10 of the Dungeon
  7095 | D:10     | Noticed a gargoyle
  7110 | D:10     | Killed a gargoyle
  7110 | D:10     | Reached skill level 10 in Armour
  7478 | D:10     | Found Irump's Food Shop.
  7537 | D:10     | Found a portal to a secret trove of treasure.
  8066 | Lair:1   | Entered Level 1 of the Lair of Beasts
  8071 | Lair:1   | Reached skill level 12 in Axes
  8611 | Lair:1   | Noticed a black mamba
  8621 | Lair:1   | Killed a black mamba
  8843 | Lair:2   | Reached XP level 11. HP: 96/96 MP: 10/10
  9025 | Lair:2   | Reached skill level 10 in Fighting
  9267 | Lair:2   | Reached ***** piety under Trog
  9267 | Lair:2   | Reached skill level 13 in Axes
  9685 | Lair:2   | Gained mutation: You have a beak for a mouth. [potion of mutation]
  9685 | Lair:2   | Gained mutation: Your mind is acute. (Int +2) [potion of mutation]
  9945 | Lair:3   | Noticed an eight-headed hydra
 10186 | Lair:3   | Killed a ten-headed hydra
 10350 | Lair:3   | Noticed a four-headed hydra
 10365 | Lair:3   | Reached skill level 14 in Axes
 10366 | Lair:3   | Killed a ten-headed hydra
 10366 | Lair:3   | Reached skill level 10 in Dodging
 10366 | Lair:3   | Reached XP level 12. HP: 54/110 MP: 11/11
 10458 | Lair:3   | Noticed a four-headed hydra
 10464 | Lair:3   | Killed a seven-headed hydra
 10533 | Lair:3   | Noticed a five-headed hydra
 10542 | Lair:3   | Killed a ten-headed hydra
 10644 | Lair:3   | Found a staircase to the Snake Pit.
 10996 | Lair:4   | Noticed a four-headed hydra
 11021 | Lair:4   | Killed a ten-headed hydra
 11067 | Lair:4   | Noticed a five-headed hydra
 11083 | Lair:4   | Killed a 12-headed hydra
 11160 | Lair:4   | Found a staircase to the Swamp.
 11361 | Lair:4   | Found a runed door.
 11363 | Lair:4   | Noticed Semoacif's ghost (journeyman GnAE)
 11369 | Lair:4   | Reached skill level 15 in Axes
 11399 | Lair:4   | Killed Semoacif's ghost
 11597 | Lair:4   | Splashed by an oklob plant's acid

Vault maps used:
D:1:      lightli_molten_gateway, st_stairs_9
D:2:      minmay_tetromino_l2
D:3:      kiku_gazebo_pond_becter, gammafunk_temple_overflow_wave, first_ration
D:4:      minmay_temple_entry_butterflies, lemuel_statue_altar, uniq_duvessa
D:6:      mumra_celtic_spiral_tile, led_sif_pool, uniq_menkaure
D:7:      nicolae_overflow_hidden_temple, elyvilon_altar_3
D:8:      david_lair_shrubbed, uniq_maurice
D:9:      uniq_gastronok
D:10:     nicolae_trove_entry_crystal, serial_shops, nicolae_shop_trees
Lair:1:   serial_bayou_shore_a
Lair:2:   gammafunk_lair_bear_cave, infiniplex_staircase_pool,
          lemuel_fruit_fields
Lair:3:   dummy_snake_entry, kennysheep_basilisk_garden, lemuel_fruit_fields
Lair:4:   swamp_mist_pool, gammafunk_ghost_grave, grunt_megastairs_1,
          serial_bayou_shore_b, minmay_lair_oklob_chamber

Skill      XL: |  1  2  3  4  5  6  7  8  9 10 11 12 |
---------------+-------------------------------------+-----
Axes           | 4 5 6 8 10 12 14 15 | 15.0
Fighting       | 4 5 6 7 8 9 11 13 | 13.0
Armour         | 3 4 5 7 8 9 10 11 12 | 12.6
Dodging        | 3 4 6 7 8 10 11 | 11.0

Action                   |  1- 3 |  4- 6 |  7- 9 | 10-12 || total
-------------------------+-------+-------+-------+-------++-------
Melee: Hand axe          |    56 |   130 |       |       ||   186
       Headbutt          |     8 |    30 |    42 |    76 ||   156
       Battleaxe         |       |     7 |   232 |   280 ||   519
       Peck              |       |       |       |    41 ||    41
Throw: Javelin           |     4 |     2 |     1 |       ||     7
Invok: Berserk           |       |     2 |     1 |     7 ||    10
       Brothers in Arms  |       |       |       |     5 ||     5
       Trog's Hand       |       |       |       |     2 ||     2
  Use: Scroll            |       |     2 |     5 |    13 ||    20
       Potion            |       |       |       |    13 ||    13
 Stab: Distracted        |       |       |       |     2 ||     2
  Eat: Chunk             |     1 |     4 |    12 |    12 ||    29
       Ration            |       |     1 |     1 |     3 ||     5
Armor: Animal skin       |    18 |       |       |       ||    18
       Scale mail        |     5 |     1 |       |       ||     6
       Plate armour      |       |    96 |   186 |   215 ||   497
Dodge: Dodged            |    46 |    50 |   122 |   286 ||   504

Table legend:
 A = Non-vault XP
 B = Vault XP
 C = Vault XP percentage of total XP
 D = Non-vault monster count
 E = Vault monster count
 F = Vault count percentage of total count
 G = Total turns spent on level
                 A         B        C        D         E       F
            +---------+---------+-------+---------+---------+-------
      Total |   27499 |   10434 |  27.5 |     241 |      28 |  10.4
            +---------+---------+-------+---------+---------+-------
        D:1 |      33 |       3 |   8.3 |      17 |       2 |  10.5
        D:2 |      32 |       1 |   3.0 |       7 |       1 |  12.5
        D:3 |      94 |       0 |   0.0 |      15 |       0 |   0.0
        D:4 |     170 |     218 |  56.2 |      19 |       2 |   9.5
        D:5 |     278 |       0 |   0.0 |      16 |       0 |   0.0
        D:6 |     525 |     172 |  24.7 |      17 |       1 |   5.6
        D:7 |    1360 |       0 |   0.0 |      16 |       0 |   0.0
        D:8 |     408 |     841 |  67.3 |      11 |       2 |  15.4
        D:9 |    1554 |    2317 |  59.9 |      13 |       1 |   7.1
       D:10 |    1543 |       0 |   0.0 |      15 |       0 |   0.0
     Lair:1 |    1376 |       0 |   0.0 |       6 |       0 |   0.0
     Lair:2 |    3671 |     457 |  11.1 |      23 |       3 |  11.5
     Lair:3 |   12649 |     931 |   6.9 |      44 |       5 |  10.2
     Lair:4 |    3806 |    5494 |  59.1 |      22 |      11 |  33.3
            +---------+---------+-------+---------+---------+-------
